 Dungeon Crawl Stone Soup version 0.29-a0-473-gacb4ef3bc5 (webtiles) character file.

Game seed: 11223382708154361405

17 CrazyBamboolord the Ducker (level 2, -10/12 HPs)
             Began as a Felid Artificer on May 23, 2022.
             Mangled by a kobold
             ... wielding a +0 short sword of electrocution
              (18 damage)
             ... on level 1 of the Dungeon.
             The game lasted 00:01:14 (570 turns).

CrazyBamboolord the Ducker (Felid Artificer)         Turns: 570, Time: 00:01:15

Health: -10/12     AC:  1    Str:  8    XL:     2   Next: 44%
Magic:  3/3        EV: 18    Int: 12    God:
Gold:   31         SH:  0    Dex: 16    Spells: 1/1 levels left
                                        Lives:  0   Deaths: 0

rFire   . . .      SeeInvis +   (weapon unavailable)
rCold   . . .      Faith    .   (shield unavailable)
rNeg    . . .      Spirit   .   (body armour unavailable)
rPois   .          Reflect  .   (helmet unavailable)
rElec   .          Harm     .   (cloak unavailable)
rCorr   .          Rampage  .   (gloves unavailable)
Will    .....                   (boots unavailable)
Stlth   ++........              (no amulet)
HPRegen 0.04/turn               (no ring)
MPRegen 0.08/turn               (no ring)

@: quick
A: very small, claws 1, fangs 3, see invisible, speed 1, shaggy fur 1, stealthy
paws, no weapons or thrown items, no armour, multi-lived
a: no special abilities


You were on level 1 of the Dungeon.
You visited 1 branch of the dungeon, and saw 1 of its levels.

You collected 31 gold pieces.

Inventory:

Wands
 a - a wand of flame (7) (quivered)
 b - a wand of charming (15)
 c - a wand of iceblast (8)
Scrolls
 g - a scroll of blinking {unknown}
Potions
 d - a potion of degeneration {unknown}
 e - a potion of invisibility {unknown}
 f - 2 potions of curing {unknown}


   Skills:
 * Level 1.1 Fighting
 * Level 3.7 Dodging
 + Level 1.3 Stealth
 * Level 0.3 Unarmed Combat
 * Level 3.7 Evocations


You had one spell level left.
You didn't know any spells.
Your spell library contained the following spells:

 Spells                   Type           Power      Damage    Failure   Level
 Gell's Gravitas          Tloc           0%         N/A       69%         3
 Lesser Beckoning         Tloc           0%         N/A       69%         3
 Teleport Other           Tloc           0%         N/A       69%         3


Dungeon Overview and Level Annotations

Branches:
Dungeon (1/15)

Altars:


Innate Abilities, Weirdness & Mutations

You have sharp claws.
You have razor-sharp teeth.
You have supernaturally acute eyesight. (SInv)
You cover ground quickly. (Speed+)
You are covered in fur. (AC +1)
Your paws help you pounce on unaware monsters.
You are incapable of wielding weapons or throwing items.
You cannot wear armour.
You gain extra lives every three experience levels.


Message History

You now have 25 gold pieces (gained 10).
f - an amethyst potion You now have 31 gold pieces (gained 6).
g - a scroll labelled GETZUZ XORAFOO You pick up a book of Displacement and begin reading...
You add the spells Lesser Beckoning, Gell's Gravitas and Teleport Other to your library.
You see here a quokka skeleton.
f - 2 amethyst potions (gained 1)
Found an escape hatch in the floor.
Found a whip.
A kobold comes into view. It is wielding a +0 dagger.
The kobold shouts!
A quokka comes into view.
A hobgoblin comes into view.
There are monsters nearby!
There are monsters nearby!
A rat comes into view.
Aiming: Iceblast
Press: ? - help, Shift-Dir - straight line The mass of ice explodes!
The iceblast engulfs the quokka!
You kill the quokka!
The iceblast engulfs the hobgoblin!
You kill the hobgoblin!
The iceblast engulfs the kobold!!
You kill the kobold!
You hear a shout! x2
A dart slug comes into view.
A kobold comes into view.
It is wielding a +0 short sword of electrocution.
Found a bubbling grey potion.
The kobold shouts!
You see here a lumpy pink potion.
Things that are here:
a +0 dagger; a kobold corpse You scratch the rat.
You kill the rat!
Things that are here:
a rat corpse; a quokka corpse The kobold hits you with a +0 short sword of electrocution.
You are electrocuted!!
Ouch! That really hurt!
You die...

#.### #.#
## #...###
#.. ###...#
##. ###.###
.#
##...###.#
##.!.......
#..)...>...
#..†....#.#
#..@......#
##.K.w..#.#
#......#..
.....#.#
#.!...#...
....#.# #..
#....#.. ..
#..#.###.


You could see a dart slug and a kobold.

Vanquished Creatures
  2 endoplasms (D:1)
  A giant cockroach (D:1)
  A goblin (D:1)
  2 hobgoblins (D:1)
  4 kobolds (D:1)
  2 quokkas (D:1)
  A ball python (D:1)
  A bat (D:1)
  A frilled lizard (D:1)
  A rat (D:1)
16 creatures vanquished.

Notes
Turn   | Place    | Note
-------+----------+-------------------------------------------
     0 | D:1      | CrazyBamboolord the Felid Artificer began the quest for the
                  | Orb.
     0 | D:1      | Reached XP level 1. HP: 9/9 MP: 2/2
   108 | D:1      | Reached XP level 2. HP: 7/12 MP: 3/3
   570 | D:1      | Mangled by a kobold

Illustrated notes

Levels and vault maps discovered:
D:1:      tarquinn_simple_flora_water_d, layout_rooms,
          hangedman_abyss_or_decor_stabs, amethyst_killhole

Action                   || total
-------------------------++-------
Melee: Unarmed           ||    32
       Bite              ||     2
Evoke: Wand              ||     9
Armor: Skin              ||     2
Dodge: Dodged            ||    36

Table legend: (Time is in decaauts)
 A = Elapsed time spent in this place.
 B = Non-inter-level travel time spent in this place.
 C = Inter-level travel time spent in this place.
 D = Time resting spent in this place.
 E = Time spent auto-exploring this place.
 F = Levels seen in this place.
 G = Mean time per level.
                   A        B        C        D        E       F      G
               +--------+--------+--------+--------+--------+-----+--------+
         Total |    538 |    538 |      0 |      0 |    437 |   1 |  538.0 |
       Dungeon |    538 |    538 |      0 |      0 |    437 |   1 |  538.0 |
               +--------+--------+--------+--------+--------+-----+--------+

Top non-repeatable levels by time:
     D:1: 538 daAuts
